 Dungeon Crawl Stone Soup version 0.31-a0-365-gcf821cafb2 (webtiles) character file.

Game seed: 870109855732452001

11920 Newt the Spear-Bearer (level 11, 0/72 HPs)
             Began as a Merfolk Gladiator on July 28, 2023.
             Was an Elder of Hepliaklqana.
             Slain by a skyshark (1 damage)
             ... on level 3 of the Lair of Beasts.
             The game lasted 00:15:07 (11070 turns).

Newt the Spear-Bearer (Merfolk Gladiator)          Turns: 11070, Time: 00:15:07

Health: 0/72       AC:  8    Str: 18    XL:     11   Next: 85%
Magic:  13/14      EV: 16    Int: 11    God:    Hepliaklqana [****..]
Gold:   646        SH:  5    Dex: 15    Spells: 10/10 levels left

rFire   . . .        w - +7 spear (freeze)
rCold   + + .        p - +0 buckler
rNeg    + . .        q - +1 leather armour of the Thistle {Harm *Slow rC++ Int+2}
rPois   .            B - +1 helmet
rElec   .            j - +0 cloak
rCorr   .            J - +0 pair of gloves
SInv    .            (no boots)
Will    .....        (no amulet)
Stlth   +++          i - ring of wizardry
HPRegen 0.32/turn    Q - ring of positive energy
MPRegen 0.14/turn

%: slow self (1%), harm (+30% outgoing, +20% incoming), wizardry (x1)
@: about to teleport
A: reduced essence, (nimble swimmer 2), mertail
a: Renounce Religion, Recall Ancestor, Ancestor Identity, Transference, Idealise


You were on level 3 of the Lair of Beasts.
You worshipped Hepliaklqana.
Hepliaklqana was greatly pleased with you.
You visited 3 branches of the dungeon, and saw 14 of its levels.

You collected 646 gold pieces.

Inventory:

Hand Weapons
 a - a +1 trident
 w - a +7 spear of freezing (weapon)
 R - the +8 arbalest "Letecyg" {penet, rPois rF- rN+}
   (You found it on level 1 of the Lair of Beasts)

   rF:        It makes you vulnerable to fire.
   rPois:     It protects you from poison.
   rN:        It protects you from negative energy.
Missiles
 d - 3 throwing nets (quivered)
 e - a javelin
Armour
 b - a +0 leather armour
 c - a +1 helmet
 j - a +0 cloak (worn)
 p - a +0 buckler (worn)
 q - the +1 leather armour of the Thistle (worn) {Harm *Slow rC++ Int+2}
   (You found it on level 4 of the Dungeon)

   Int:       It affects your intelligence (+2).
   rC:        It greatly protects you from cold.
   *Slow:     It may slow you when you take damage.
   Harm:      It increases damage dealt and taken.
 x - a +0 troll leather armour
 y - a scarf of invisibility
 B - a +1 helmet (worn)
 J - a +0 pair of gloves (worn)
Jewellery
 i - a ring of wizardry (left hand)
 F - a ring of magical power
 Q - a ring of positive energy (right hand)
Wands
 h - a wand of flame (53)
 s - a wand of mindburst (18)
 C - a wand of acid (18)
 E - a wand of digging (6)
 H - a wand of charming (6)
 O - a wand of roots (8)
Scrolls
 k - 2 scrolls of noise
 m - 2 scrolls of enchant armour
 n - 3 scrolls of poison
 o - 2 scrolls of amnesia
 A - a scroll of acquirement {unknown}
 G - 2 scrolls of fog
 K - a scroll of revelation {unknown}
Potions
 f - a potion of ambrosia
 g - a potion of heal wounds
 l - 6 potions of curing
 t - a potion of lignification
 u - a potion of cancellation
 v - 2 potions of haste
 I - a potion of magic {unknown}
 L - a potion of invisibility {unknown}
 M - a potion of brilliance {unknown}
 P - a potion of enlightenment {unknown}
Miscellaneous
 N - a phial of floods


   Skills:
 - Level 6.0 Fighting
 - Level 14.0 Polearms
 - Level 2.0 Throwing
 - Level 3.0 Armour
 - Level 10.0 Dodging
 - Level 6.0 Stealth
 - Level 6.0 Shields
 + Level 4.4 Invocations
 - Level 8.0 Evocations


You had 10 spell levels left.
You didn't know any spells.
Your spell library contained the following spells:

 Spells                   Type           Power      Damage    Failure   Level
 Foxfire                  Conj/Fire      0%         2x1d4     21%         1
 Sandblast                Erth           0%         2d4       21%         1
 Slow                     Hex            0%         N/A       21%         1
 Ensorcelled Hibernation  Hex/Ice        0%         N/A       30%         2
 Passwall                 Tmut/Erth      0%         N/A       30%         2
 Poisonous Vapours        Pois/Air       0%         N/A       30%         2
 Scorch                   Fire           0%         2d5       30%         2
 Confusing Touch          Hex            0%         N/A       50%         3
 Mephitic Cloud           Conj/Pois/Air  0%         N/A       50%         3
 Stone Arrow              Conj/Erth      0%         3d7       50%         3
 Swiftness                Air            0%         N/A       50%         3
 Vampiric Draining        Necr           0%         2d6       50%         3
 Flame Wave               Conj/Fire      0%         2d4       87%         4
 Freezing Cloud           Conj/Ice/Air   0%         6-21      99%         5
 Plasma Beam              Fire/Air       0%         2x1d10    100%        6
 Starburst                Conj/Fire      0%         6d3       100%        6
 Summon Cactus Giant      Summ           0%         N/A       100%        6


Dungeon Overview and Level Annotations

Branches:
Dungeon (10/15)            Temple (1/1) D:4            Lair (3/5) D:8
  Swamp: Lair:2-3    Shoals: Lair:2-3     Snake: Lair:2-3    Spider: Lair:2-3
    Orc: D:9-12

Altars:
Ashenzari
Cheibriados
Dithmenos
Elyvilon
Fedhas
Gozag
Hepliaklqana
Kikubaaqudgha
Makhleb
Nemelex Xobeh
Okawaru
Qazlal
Ru
Sif Muna
Trog
Uskayaw
Vehumet
Wu Jian
Xom
Yredelemnul
Zin
The Shining One

Annotations:
Temple 2 transporters
Lair:2 Amaemon


Innate Abilities, Weirdness & Mutations

Your life essence is reduced to manifest your ancestor. (-10% HP)
((You are very nimble when in or above water. (Stealth+, EV+, Speed+++)))
Your lower body shifts to a powerful aquatic tail in water.


Message History

Press: ? - help, Dir - move target, f/p - skyshark
Aim: a skyshark (lightly wounded, berserk, ally target, about 21% to evade your +7 spear of freezing)
You reach to attack!
You hit the skyshark.
The skyshark seems to slow down.
You freeze the skyshark.
The skyshark is lightly wounded.
Reach: w) +7 spear (freeze)
Press: ? - help, Dir - move target, f/p - skyshark
Aim: a skyshark (lightly wounded, berserk, slow, ally target, about 21% to evade your +7 spear of freezing)
You reach to attack!
You puncture the skyshark!
The skyshark seems to slow down.
You freeze the skyshark.
The skyshark is moderately wounded.
The skyshark barely misses Appia.
The skyshark closely misses Appia.
The skyshark tail-slaps Appia!
Appia hits the skyshark with a +0 flail!
The rime drake breathes ice at you. The icy flash freeze hits you!
You partially resist.
* * * LOW HITPOINT WARNING * * *
You are encased in ice.
Unknown command.
You feel much better.
The skyshark bites Appia!!
The skyshark tail-slaps Appia.
Appia is destroyed!
Unknown command.
As you read the scroll of teleportation, it crumbles to dust.
You feel strangely unstable. The skyshark attacks as you move away!
The skyshark bites you but does no damage.
The skyshark closely misses you. The skyshark tail-slaps you!
The skyshark closely misses you.
The skyshark tail-slaps you but does no damage.
The skyshark closely misses you. The ice encasing you melts away.
The skyshark attacks as you move away! You block the skyshark's attack.
The skyshark barely misses you. The skyshark tail-slaps you!
* * * LOW HITPOINT WARNING * * *
The skyshark bites you!
* * * LOW HITPOINT WARNING * * *
The skyshark tail-slaps you!
* * * LOW HITPOINT WARNING * * *
The skyshark tail-slaps you.
You die...

#...###...
?.........####
.............##
..............##
........k......#
..............#
........l.....#
..........l@..#
..............#
......../.....#
.............##
#............#
##......<..###
#.###.##.## ##
## ###


You could see a skyshark (berserk, slow), a komodo dragon and a rime drake.

Vanquished Creatures
  A deep elf pyromancer (D:7)
  A gargoyle (D:7)
  Maggie (D:8)
  Psyche (D:8)
  A komodo dragon (Lair:1)
  2 trolls
  A polar bear (Lair:1)
  A hornet (D:7)
  Sigmund (D:4)
  A wraith (D:9)
  A shadow (D:10)
  A wyvern (D:8)
  2 basilisks
  23 yaks
  An acid dragon (D:9)
  3 water moccasins
  2 black bears
  2 orc warriors
  A sky beast (D:7)
  An ice beast (D:6)
  5 centaurs
  5 bullfrogs
  3 kobold brigands
  2 scorpions (D:5)
  9 wights
  6 killer bees (D:10)
  2 howler monkeys
  2 jellies
  3 hounds
  10 orc priests
  Crazy Yiuf (D:2)
  4 iguanas
  12 orc wizards
  2 sleepcaps
  7 adders
  A shadow imp (D:8)
  A white imp (D:5)
  An ufetubus (D:4)
  2 worms
  2 dart slugs
  28 orcs
  5 bats
  6 endoplasms
  2 giant cockroaches (D:3)
  15 goblins
  9 hobgoblins
  4 jackals (D:1)
  3 quokkas
  5 ball pythons
  4 frilled lizards
  16 kobolds
  4 rats
229 creatures vanquished.

Vanquished Creatures (collateral kills)
  5 yaks
  A naga (Lair:2)
  A water moccasin (D:6)
  2 orc warriors
  An ogre (D:5)
  2 scorpions
  2 wights
  An orc priest (D:10)
  2 orc wizards
  A shadow imp (D:8)
  7 orcs
  3 kobolds (D:6)
28 creatures vanquished.

Vanquished Creatures (others)
  2 knights
  2 ancestors
4 creatures vanquished.

Grand Total: 261 creatures vanquished

Notes
Turn   | Place    | Note
-------+----------+-------------------------------------------
     0 | D:1      | Newt the Merfolk Gladiator began the quest for the Orb.
     0 | D:1      | Reached XP level 1. HP: 16/16 MP: 1/1
    92 | D:1      | Reached XP level 2. HP: 16/24 MP: 2/2
   353 | D:1      | Reached XP level 3. HP: 30/30 MP: 3/3
   914 | D:2      | Reached skill level 5 in Polearms
   914 | D:2      | Reached XP level 4. HP: 37/37 MP: 4/4
  1005 | D:2      | Found a runed translucent door.
  1006 | D:2      | Noticed Crazy Yiuf
  1320 | D:2      | Killed Crazy Yiuf
  1456 | D:3      | Reached skill level 6 in Polearms
  1483 | D:3      | Reached XP level 5. HP: 35/42 MP: 5/5
  1934 | D:4      | Found a staircase to the Ecumenical Temple.
  1934 | D:4      | Noticed Sigmund
  1939 | Temple   | Found a transporter.
  1939 | Temple   | Found a transporter.
  1939 | Temple   | Found a transporter.
  1939 | Temple   | Found a transporter.
  1939 | Temple   | Entered the Ecumenical Temple
  1953 | Temple   | Became a worshipper of Hepliaklqana the Forgotten
  2103 | D:4      | Killed Sigmund
  2104 | D:4      | Reached skill level 7 in Polearms
  2104 | D:4      | Reached skill level 5 in Dodging
  2104 | D:4      | Reached XP level 6. HP: 36/48 MP: 6/6
  2578 | D:4      | Identified the +1 leather armour of the Thistle {Harm *Slow
                  | rC++ Int+2}
  2844 | D:4      | Reached skill level 5 in Fighting
  3084 | D:4      | Reached XP level 7. HP: 47/56 MP: 7/7
  3548 | D:5      | Entered Level 5 of the Dungeon
  3776 | D:5      | Reached skill level 8 in Polearms
  3778 | D:5      | Reached XP level 8. HP: 28/64 MP: 8/8
  4081 | D:5      | Reached skill level 9 in Polearms
  4209 | D:5      | Reached * piety under Hepliaklqana
  4298 | D:5      | Reached skill level 10 in Polearms
  4668 | D:5      | Found a basalt altar of Yredelemnul.
  5024 | D:6      | Reached skill level 5 in Evocations
  5034 | D:6      | Reached XP level 9. HP: 62/62 MP: 9/9
  5223 | D:6      | Reached ** piety under Hepliaklqana
  5224 | D:6      | Remembered your ancestor Appia as a knight
  5873 | D:7      | Reached skill level 10 in Dodging
  6008 | D:7      | Reached skill level 1 in Armour
  6057 | D:7      | Noticed a hornet
  6067 | D:7      | Killed a hornet
  6075 | D:7      | Noticed a gargoyle
  6082 | D:7      | Killed a gargoyle
  6095 | D:7      | Found a radiant altar of Vehumet.
  6130 | D:7      | Noticed a troll
  6137 | D:7      | Killed a troll
  6138 | D:7      | Reached XP level 10. HP: 68/68 MP: 10/10
  6381 | D:7      | Noticed a deep elf pyromancer
  6387 | D:7      | Killed a deep elf pyromancer
  6388 | D:7      | Reached skill level 5 in Shields
  6902 | D:8      | Noticed Psyche
  6906 | D:8      | Killed Psyche
  6948 | D:8      | Found a snail-covered altar of Cheibriados.
  7022 | D:8      | Reached skill level 11 in Polearms
  7028 | D:8      | Found a staircase to the Lair.
  7091 | D:8      | Noticed Maggie
  7104 | D:8      | Killed Maggie
  7105 | D:8      | Reached skill level 12 in Polearms
  7264 | D:8      | Reached *** piety under Hepliaklqana
  7983 | D:9      | Reached skill level 13 in Polearms
  7998 | D:9      | Reached XP level 11. HP: 72/72 MP: 11/11
  8131 | D:9      | Reached skill level 14 in Polearms
  8149 | D:9      | Found a broken altar of Ashenzari.
  8370 | D:9      | Reached **** piety under Hepliaklqana
  8928 | D:10     | Entered Level 10 of the Dungeon
  8955 | D:10     | Reached skill level 5 in Stealth
  9008 | D:10     | Identified the +2 spear "Neryj" {protect, rN+}
  9365 | D:10     | Found a sparkling altar of Nemelex Xobeh.
  9579 | Lair:1   | Entered Level 1 of the Lair of Beasts
 10153 | Lair:1   | Reached skill level 1 in Invocations
 10523 | Lair:1   | Identified the +8 arbalest "Letecyg" {penet, rPois rF- rN+}
 10750 | Lair:1   | You fall into a shaft and drop 1 floor!
 10750 | Lair:2   | Noticed Amaemon
 10755 | Lair:2   | Noticed a five-headed hydra
 11054 | Lair:3   | Noticed a skyshark
 11070 | Lair:3   | HP: 1/72 [skyshark (8)]
 11070 | Lair:3   | Slain by a skyshark

Illustrated notes

Levels and vault maps discovered:
D:1:      matt_arrival_diagonals, layout_rooms
D:2:      layout_loops_cross, uniq_crazy_yiuf_cottage
D:3:      layout_rooms
D:4:      layout_basic, minmay_temple_entry_gardened_gates,
          nicolae_underground_beach, uniq_sigmund
D:5:      layout_cave_pools, general_overflow_altar
D:6:      layout_layer_cave, minmay_liquid_box
D:7:      layout_gridville, old_standard_altar,
          hangedman_abyss_or_decor_jellyfish_corner, hangedman_decor_points,
          kb_rosetta
D:8:      layout_layer_cave, lemuel_tele_altar, david_lair_generic, uniq_maggie,
          uniq_psyche
D:9:      layout_irregular_city, ashenzari_altar_1,
          kennysheep_decorative_pillar, st_stairs_7
D:10:     layout_basic, kennysheep_mini_moat
Temple:   hellmonk_temple_divided_pantheon
Lair:1:   layout_loops_ring
Lair:2:   layout_gridlike, skrybe_swamp_entry_bodies,
          minmay_snake_entry_guardpost_small, pdpol_lair_cabin_in_the_woods,
          uniq_harold, uniq_amaemon
Lair:3:   layout_cave_pods, gammafunk_ghost_berserking_beasts, uniq_gastronok

Skill      XL: |  1  2  3  4  5  6  7  8  9 10 11 |
---------------+----------------------------------+-----
Fighting       | 3 4 5 6 |  6.0
Polearms       | 5 6 7 8 10 13 14 | 14.0
Dodging        | 5 6 10 | 10.0
Stealth        | 3 6 |  6.0
Evocations     | 5 8 |  8.0
Armour         | 3 |  3.0
Shields        | 3 6 |  6.0
Invocations    | 4 |  4.4
Throwing       | |  2.0

Action                     |  1- 3 |  4- 6 |  7- 9 | 10-12 || total
---------------------------+-------+-------+-------+-------++-------
  Melee: Trident           |   112 |   143 |   281 |       ||   536
         Punch             |       |     1 |     1 |       ||     2
         Spear             |       |       |    26 |   366 ||   392
  Throw: Throwing net      |       |     1 |     1 |       ||     2
 Invoke: Ancestor Life: Kn |       |       |     1 |       ||     1
         Recall Ancestor   |       |       |       |     3 ||     3
  Evoke: Wand              |       |       |       |     1 ||     1
    Use: Scroll            |     5 |     3 |     4 |    11 ||    23
         Potion            |       |       |       |     1 ||     1
   Stab: Sleeping          |     2 |       |     8 |     5 ||    15
         Held in net/web   |       |     1 |       |       ||     1
         Distracted        |       |       |     5 |     2 ||     7
 Armour: Leather armour    |    28 |    27 |    76 |    32 ||   163
  Dodge: Dodged            |    73 |    67 |   121 |    87 ||   348
  Block: Buckler           |       |       |       |    46 ||    46

Table legend: (Time is in decaauts)
 A = Elapsed time spent in this place.
 B = Non-inter-level travel time spent in this place.
 C = Inter-level travel time spent in this place.
 D = Time resting spent in this place.
 E = Time spent auto-exploring this place.
 F = Levels seen in this place.
 G = Mean time per level.
                   A        B        C        D        E       F      G
               +--------+--------+--------+--------+--------+-----+--------+
         Total |  10860 |  10382 |    478 |   1906 |   6808 |  14 |  775.7 |
       Dungeon |   9075 |   8671 |    404 |   1137 |   6081 |  10 |  907.5 |
        Temple |    357 |    357 |      0 |    327 |      0 |   1 |  357.0 |
          Lair |   1428 |   1355 |     73 |    442 |    727 |   3 |  476.0 |
               +--------+--------+--------+--------+--------+-----+--------+

Top non-repeatable levels by time:
     D:4: 1291 daAuts
     D:5: 1167 daAuts
     D:7: 1098 daAuts
  Lair:1: 1090 daAuts
     D:8: 1069 daAuts
     D:6: 1022 daAuts
     D:9: 942 daAuts
     D:2: 765 daAuts
     D:1: 644 daAuts
    D:10: 576 daAuts
     D:3: 496 daAuts
  Temple: 357 daAuts
  Lair:3: 307 daAuts
  Lair:2: 30 daAuts
